 Dungeon Crawl Stone Soup version 0.16-a0-623-g20b2139 (webtiles) character file.

17297 FiftyNine the Tainter (level 12, -5/66 HPs)
             Began as an Octopode Venom Mage on Sept 18, 2014.
             Was an Initiate of Gozag.
             Slain by an elephant (16 damage)
             ... on Level 1 of the Lair of Beasts.
             The game lasted 02:03:47 (19383 turns).

FiftyNine the Tainter (Octopode Venom Mage)        Turns: 19383, Time: 02:03:48

HP  -5/66        AC  1     Str  9      XL: 12   Next: 46%
MP  20/24        EV 16     Int 18      God: Gozag
Gold 1727        SH  0     Dex 17      Spells:  4 memorised, 10 levels left

rFire  + . .     SeeInvis .     a - +6 flail (venom)
rCold  + . .     Clarity  .     (no shield)
rNeg   . . .     rCorr    .     (helmet restricted)
rPois  +         rRot     .     o - amulet of resist mutation
rElec  .         Spirit   .     S - ring of stealth
SustAb .         Warding  .     h - ring of protection from magic
rMut   +         Stasis   .     t - ring of protection from fire
Gourm  .                        y - ring of regeneration
MR     +....                    U - +2 ring of dexterity
                                G - ring of invisibility
                                F - ring of poison resistance
                                O - ring of protection from cold

@: somewhat resistant to hostile enchantments, extremely stealthy
A: almost no armour, amphibious, 8 rings, constrict 8, camouflage 1, gelatinous
body 1
a: Potion Petition, Call Merchant, Bribe Branch, Renounce Religion, Evoke
Invisibility


You were on level 1 of the Lair of Beasts.
You worshipped Gozag.
Gozag was noncommittal.
You were not hungry.

You visited 2 branches of the dungeon, and saw 11 of its levels.

You collected 3111 gold pieces.
You spent 1099 gold pieces at shops.
You paid 285 gold pieces to Gozag.

Inventory:

Hand weapons
 a - a +6 flail of venom (weapon)
 b - the +8 arbalest of a wizard's laboratory {elec, rElec MR++}
   (You found it on level 7 of the Dungeon)

   It charges the ammunition it shoots with electricity; occasionally upon a
   hit, such missiles may discharge and cause terrible harm.
   It insulates you from electricity.
   It affects your resistance to hostile enchantments.
 m - a +0 blowgun
Missiles
 c - 3 throwing nets
 d - 4 javelins of penetration
 p - 28 stones (quivered)
 r - 26 poisoned needles
 w - 8 tomahawks
 E - 4 needles of sleeping
 N - 18 bolts
Magical devices
 x - a wand of digging (8)
 B - a wand of lightning (4)
 C - a wand of magic darts (6)
 M - a wand of flame (7)
 Q - a wand of fire (2)
 T - a wand of confusion (7)
Comestibles
 i - 2 meat rations
 A - a bread ration
Scrolls
 k - 8 scrolls of remove curse
 l - 3 scrolls of magic mapping
 q - 2 scrolls of fog
 u - a scroll of blinking
 v - 2 scrolls of immolation
 D - 2 scrolls of teleportation
Jewellery
 h - a ring of protection from magic (right tentacle)
 o - an amulet of resist mutation (around mantle)
 t - a ring of protection from fire (on tentacle)
 y - a ring of regeneration (on tentacle)
 F - a ring of poison resistance (on tentacle)
 G - a ring of invisibility (on tentacle)
 O - a ring of protection from cold (on tentacle)
 S - a ring of stealth (left tentacle)
 U - a +2 ring of dexterity (on tentacle)
Potions
 e - a potion of cancellation
 f - a potion of berserk rage
 g - 2 potions of curing
 j - a potion of haste
 n - a potion of agility
 s - a potion of brilliance
 z - 2 potions of magic
 I - a potion of heal wounds
Miscellaneous
 Y - a fan of gales


   Skills:
   Level 0.2(0.3) Axes
 - Level 0.4 Maces & Flails
 + Level 9.5 Crossbows
 - Level 6.0 Dodging
 - Level 8.4 Stealth
 - Level 5.0 Spellcasting
 - Level 10.2 Conjurations
 - Level 11.3 Poison Magic
 - Level 8.2 Evocations


You had 10 spell levels left.
You knew the following spells:

 Your Spells              Type           Power        Failure   Level  Hunger
a - Sting                 Conj/Pois      ####         1%          1    None
b - Cure Poison           Pois           #####.....   1%          2    #......
c - Mephitic Cloud        Conj/Pois/Air  ####....     2%          3    ###....
d - Venom Bolt            Conj/Pois      #####.....   4%          5    #####..


Dungeon Overview and Level Annotations

Branches:
Dungeon (10/15)            Temple (0/1) D:4             Orc (0/4) D:9
   Lair (1/8) D:8

Altars:
Ashenzari
Cheibriados
Dithmenos
Elyvilon
Gozag
Makhleb
Nemelex Xobeh
Okawaru
Sif Muna
Trog

Shops:
D:6 =   D:9 [


Innate Abilities, Weirdness & Mutations

You cannot wear most types of armour.
You are amphibious.
You can wear up to eight rings at the same time.
You can use your tentacles to constrict many enemies at once.
Your skin changes colour to match your surroundings (Stealth).
Your rubbery body absorbs attacks (AC +1).


Message History

The elephant tramples you!!
You stumble backwards!
Casting: Sting
Confirm with . or Enter, or press ? or * to list all spells.
Aiming: Sting
Press: ? - help, Shift-Dir - straight line, f/p - elephant
Aim: an elephant (lightly wounded, poisoned)
The sting hits the elephant.
The elephant is lightly wounded.
The elephant tramples you!
You stumble backwards!
You hit the elephant.
The elephant is moderately wounded.
The elephant closely misses you. The elephant trunk-slaps you.
You hit the elephant.
The elephant is moderately wounded.
The elephant tramples you!
* * * LOW HITPOINT WARNING * * *
You stumble backwards!
The elephant tramples you!
You die...
Your body crumbles into a pile of gold.

#..######.#.###############.##.
................................
........[.......................
....:...........................
................................#
......................>..........
................................#
................................#
................@Y...............
..............................?.#
....)......♣♣♣♣♣♣♣♣♣♣♣♣.........#
.........♣♣♣ ♣♣♣........
........♣♣ ♣♣....... .......♣♣
♣♣...... .......♣ ♣......
......♣♣ ♣♣..... .....♣♣ ♣♣....


You could see an elephant.

Vanquished Creatures
  Harold (D:10)
  Pikel (D:8)
  15 elephants (Lair:1)
  2 spiny frogs (Lair:1)
  A wyvern (D:8)
  4 komodo dragons (Lair:1)
  3 wandering mushrooms (Lair:1)
  A troll (D:9)
  A two-headed ogre (D:9)
  4 blink frogs (Lair:1)
  5 yaks (Lair:1)
  3 hippogriffs
  A warg (D:8)
  Edmund (D:6)
  A hungry ghost (D:7)
  2 porcupines (Lair:1)
  A sky beast (D:6)
  2 water moccasins
  4 ice beasts
  5 orc warriors
  3 phantoms
  A manticore zombie (D:10)
  3 orc priests
  4 ogres
  4 centaurs
  4 crocodiles (Lair:1)
  Duvessa (D:7)
  7 giant frogs
  5 scorpions
  An electric eel (Lair:1)
  A tengu skeleton (D:10)
  4 wights (D:9)
  3 goliath beetles (D:8)
  Dowan (D:7)
  4 gnoll shamans
  A quasit (D:7)
  4 crimson imps
  3 hounds
  2 centaur zombies (D:5)
  A jelly (D:4)
  Crazy Yiuf (D:7)
  9 orc wizards
  A centaur skeleton (D:5)
  An elf skeleton (D:8)
  10 worker ants
  8 iguanas
  Ijyb (D:2)
  An ogre skeleton (D:7)
  A hound skeleton (D:7)
  A mummy (D:7)
  13 adders
  57 gnolls
  A gnoll skeleton (D:7)
  18 green rats
  A giant mite (D:9)
  5 shadow imps
  A worm (D:2)
  An adder zombie (D:9)
  7 giant geckos
  2 oozes
  46 orcs
  A bat zombie (D:6)
  20 hobgoblins
  17 jackals
  9 kobolds
  8 quokkas
  3 ball pythons (D:3)
  17 bats
  3 giant cockroaches
  6 giant newts
  A giant spore (D:10)
  17 goblins
  A hobgoblin skeleton (D:3)
  A jackal skeleton (D:7)
  An orc skeleton (D:6)
  2 orc zombies (D:10)
  14 rats
  2 ballistomycetes (D:10)
424 creatures vanquished.

Vanquished Creatures (others)
  2 slaves (D:8)
  An ogre (D:8)
  2 orc wizards (D:8)
  A worker ant (D:8)
  An orc (D:8)
  A quokka (D:8)
  33 fungi (Lair:1)
  26 plants (Lair:1)
67 creatures vanquished.

Grand Total: 491 creatures vanquished

Notes
Turn   | Place    | Note
--------------------------------------------------------------
     0 | D:1      | FiftyNine, the Octopode Venom Mage, began the quest for the Orb.
     0 | D:1      | Reached XP level 1. HP: 11/11 MP: 3/3
    41 | D:1      | Reached skill level 5 in Poison Magic
   219 | D:1      | Reached XP level 2. HP: 17/17 MP: 0/4
   260 | D:1      | Learned a level 2 spell: Cure Poison
  1095 | D:1      | Reached XP level 3. HP: 18/21 MP: 1/6
  1174 | D:2      | Found an iron altar of Okawaru.
  1307 | D:2      | Reached skill level 6 in Poison Magic
  1376 | D:2      | Learned a level 3 spell: Mephitic Cloud
  2022 | D:2      | Noticed Ijyb
  2290 | D:2      | Killed Ijyb
  2290 | D:2      | Reached XP level 4. HP: 19/27 MP: 4/7
  2527 | D:2      | Found an opulent altar of Gozag.
  2528 | D:2      | Found a sparkling altar of Nemelex Xobeh.
  2533 | D:2      | Became a worshipper of Gozag Ym Sagoz the Greedy
  2558 | D:2      | Found a deep blue altar of Sif Muna.
  3028 | D:3      | Reached skill level 7 in Poison Magic
  3611 | D:3      | Reached skill level 1 in Conjurations
  3611 | D:3      | Reached XP level 5. HP: 31/31 MP: 6/9
  5339 | D:3      | Reached XP level 6. HP: 36/36 MP: 6/10
  6025 | D:3      | Reached XP level 7. HP: 41/41 MP: 4/14
  6723 | D:3      | Noticed a troll
  7033 | D:4      | Found a staircase to the Ecumenical Temple.
  7443 | D:4      | Reached skill level 5 in Spellcasting
  7605 | D:4      | Found a bloodstained altar of Trog.
  8027 | D:5      | Entered Level 5 of the Dungeon
  8548 | D:5      | Reached skill level 5 in Stealth
  8548 | D:5      | Reached XP level 8. HP: 46/46 MP: 16/20
  8996 | D:5      | Reached skill level 1 in Evocations
  9741 | D:6      | Found Granama's Jewellery Shop.
  9747 | D:6      | Bought an uncursed ring of invisibility for 420 gold pieces
  9747 | D:6      | Bought an uncursed amulet of clarity for 280 gold pieces
  9832 | D:6      | Noticed Edmund
  9865 | D:6      | Killed Edmund
  9865 | D:6      | Reached skill level 8 in Stealth
 10233 | D:6      | Found a white marble altar of Elyvilon.
 10233 | D:6      | Noticed an angel
 10568 | D:6      | Reached skill level 5 in Dodging
 10568 | D:6      | Reached XP level 9. HP: 41/51 MP: 19/21
 10781 | D:7      | Learned a level 5 spell: Venom Bolt
 11082 | D:7      | Got a slimy arbalest
 11083 | D:7      | Identified the +8 arbalest of a wizard's laboratory {elec, rElec MR++} (You found it on level 7 of the Dungeon)
 11337 | D:7      | Noticed Duvessa
 11337 | D:7      | Noticed Dowan
 11500 | D:7      | Killed Dowan
 11518 | D:7      | Killed Duvessa
 11850 | D:7      | Reached skill level 9 in Poison Magic
 12009 | D:7      | Noticed Crazy Yiuf
 12012 | D:7      | Killed Crazy Yiuf
 12257 | D:6      | Reached skill level 10 in Poison Magic
 12291 | D:6      | Bought an uncursed ring of protection from cold for 350 gold pieces
 12458 | D:8      | Noticed Pikel
 12461 | D:8      | Killed Pikel
 12461 | D:8      | Reached skill level 11 in Poison Magic
 12461 | D:8      | Reached XP level 10. HP: 56/56 MP: 20/22
 12577 | D:8      | Reached skill level 5 in Conjurations
 12829 | D:8      | Found a staircase to the Lair.
 13725 | D:9      | Found a snail-covered altar of Cheibriados.
 13726 | D:9      | Found a burning altar of Makhleb.
 13729 | D:9      | Found a shattered altar of Ashenzari.
 13730 | D:9      | Found a shadowy altar of Dithmenos.
 13932 | D:9      | Found Zaniuw's Armour Emporium.
 13965 | D:9      | Bought a +0 buckler for 49 gold pieces
 14321 | D:9      | Found a staircase to the Orcish Mines.
 14862 | D:10     | Entered Level 10 of the Dungeon
 15510 | D:10     | Noticed Harold
 15535 | D:10     | Killed Harold
 15535 | D:10     | Reached skill level 10 in Conjurations
 15535 | D:10     | Reached XP level 11. HP: 56/61 MP: 19/23
 16237 | Lair:1   | Entered Level 1 of the Lair of Beasts
 16764 | Lair:1   | Reached skill level 5 in Evocations
 17377 | Lair:1   | Reached skill level 1 in Crossbows
 17712 | Lair:1   | Reached skill level 5 in Crossbows
 18016 | Lair:1   | Noticed a seven-headed hydra
 18101 | Lair:1   | Reached XP level 12. HP: 63/66 MP: 24/24
 19383 | Lair:1   | Slain by an elephant

Action                   |  1- 3 |  4- 6 |  7- 9 | 10-12 || total
-------------------------+-------+-------+-------+-------++-------
Melee: Club              |    37 |     3 |       |       ||    40
       Hand axe          |       |    11 |       |       ||    11
       Flail             |       |    11 |   107 |   204 ||   322
 Fire: Hunting sling     |       |     2 |    48 |       ||    50
       Blowgun           |       |       |    40 |    88 ||   128
       Arbalest          |       |       |    10 |    78 ||    88
Throw: Stone             |     5 |     9 |    10 |     4 ||    28
       Tomahawk          |       |     1 |     3 |       ||     4
       Throwing net      |       |     1 |       |       ||     1
 Cast: Sting             |    82 |   180 |   216 |   232 ||   710
       Mephitic Cloud    |     1 |     6 |    13 |    19 ||    39
       Venom Bolt        |       |       |       |    23 ||    23
Invok: Potion Petition   |       |     1 |       |     1 ||     2
Evoke: Wand              |       |       |     5 |    15 ||    20
  Use: Scroll            |       |    12 |     7 |     7 ||    26
       Potion            |       |       |     1 |     1 ||     2
 Stab: Sleeping          |       |       |     9 |    13 ||    22
       Confused          |       |       |     2 |     7 ||     9
       Paralysed         |       |       |     2 |       ||     2
       Distracted        |       |       |     1 |     4 ||     5
  Eat: Chunk             |     6 |       |       |       ||     6
       Bread ration      |       |     2 |     1 |     2 ||     5
       Royal jelly       |       |     1 |       |       ||     1
       Meat ration       |       |       |     2 |     1 ||     3
       Pizza             |       |       |     1 |     1 ||     2
       Beef jerky        |       |       |     1 |       ||     1
       Fruit             |       |       |       |    16 ||    16
